 Dungeon Crawl Stone Soup version 0.29-a0-319-gad05b8d819 (webtiles) character file.

Game seed: 4704976462326131534

48 tilp the Chopper (level 3, -1/36 HPs)
             Began as a Mayflytaur Berserker on Apr 1, 2022.
             Was a Follower of Trog.
             Slain by a kobold demonologist
             ... wielding a +0 dagger
              (4 damage)
             ... on level 5 of the Dungeon.
             The game lasted 00:02:13 (241 turns).

tilp the Chopper (Mayflytaur Berserker)              Turns: 241, Time: 00:02:14

Health: -1/36      AC:  4    Str: 20    XL:     3   Next: 72%
Magic:  4/4        EV: 12    Int:  9    God:    Trog [*.....]
Gold:   3          SH:  0    Dex: 13    Spells: 2/2 levels left

rFire   . . .      SeeInvis .   a - +0 hand axe
rCold   . . .      Faith    .   (no shield)
rNeg    . . .      Spirit   .   b - +1 animal skin
rPois   .          Reflect  .   (no helmet)
rElec   .          Harm     .   (no cloak)
rCorr   .          Rampage  .   (no gloves)
Will    .....                   f - +0 pair of boots
Stlth   +.........              (no amulet)
HPRegen 0.12/turn               (no ring)
MPRegen 0.09/turn               (no ring)

@: brilliant, on berserk cooldown, flying, slowed, very slow
A: damage resistance, big wings, sense surroundings 1, short lifespan
a: Renounce Religion, Berserk


You were on level 5 of the Dungeon.
You worshipped Trog.
Trog was aware of your devotion.
You visited 1 branch of the dungeon, and saw 6 of its levels.

You collected 3 gold pieces.

Inventory:

Hand Weapons
 a - a +0 hand axe (weapon)
Missiles
 c - 23 stones (quivered)
Armour
 b - a +1 animal skin (worn)
 f - a +0 pair of boots (worn)


   Skills:
 + Level 3.9 Fighting
 * Level 4.5 Axes
 - Level 2.1 Armour
 - Level 2.1 Dodging


You had 2 spell levels left.
You didn't know any spells.
Your spell library was empty.

Dungeon Overview and Level Annotations

Branches:
Dungeon (6/15)             Temple (0/1) D:5

Altars:

Shops:
D:5 *


Innate Abilities, Weirdness & Mutations

You are resistant to damage.
Your large and strong wings let you fly.
You passively map a small area around you.
You are easily found by Zot.


Message History

The kobold demonologist casts a spell.
The kobold brigand hits you with a +0 dagger.
You fly upwards.
The orange demon disappears in a puff of smoke!
The smoke demon disappears in a puff of smoke!
There is a stone staircase leading down here.
Unknown command.
Unknown command.
Okay, then.
The kobold brigand attacks as you move away!
The kobold brigand barely misses you.
The kobold demonologist gestures wildly while chanting.
The kobold attacks as you move away! The kobold hits you but does no damage.
The kobold brigand attacks as you move away!
The kobold brigand hits you but does no damage.
The kobold brigand hits you with a +0 dagger.
The hellwing hits you. The hellwing barely misses you.
The kobold demonologist gestures wildly while chanting.
The kobold brigand attacks as you move away!
The kobold brigand hits you with a +0 dagger.
* * * LOW HITPOINT WARNING * * *
The hellwing attacks as you move away! The hellwing closely misses you.
The hellwing barely misses you.
The hellwing swoops through the air toward you!
The hellwing barely misses you. The hellwing closely misses you. x2
The hellwing hits you but does no damage.
It was a potion of brilliance.
You feel clever all of a sudden.
You are no longer poisoned.
The hellwing hits you!
* * * LOW HITPOINT WARNING * * *
The hellwing hits you.
* * * LOW HITPOINT WARNING * * *
Unknown command.
You barely miss the kobold demonologist.
The kobold demonologist is lightly wounded.
You hit the hellwing. The hellwing closely misses you.
The hellwing barely misses you.
The kobold demonologist hits you with a +0 dagger.
You die...

*,,,,,,,...* *,##### *,,,,
***,*****#.#**,#...# *,,,, *,*
#..##,..#.# *,,,, ##+#*
*#.8###8..# *,,,, ##...##
#.......#* ***** **** ##.....##
#.>.∩.<.# * ,,,*##.......##
#.......# **
,*,*#.........####8..#8.##******,
,,,,+.........'4@KKK.......,,,,,,
,*,*#.........####4..##.####**,*,
,*,**#.......## ##.##*.#** *,**
,,,* ##....<## ###*,..,* *,**
,*** ##...##*********,.#.* *,* ,*
##..,,,,,,,**,,,,,,* *,* ,*
#.#******,**,***,,* *,* ,*
**#.***** *,**,* *,,* *,* ,*
*,..,,,,***,**,***,,* *,*


You could see a hellwing (summoned), an ice devil (summoned), a kobold
demonologist, a kobold brigand and a kobold.

Vanquished Creatures
  A hound (D:4)
  A dart slug (D:1)
  An endoplasm (D:3)
  3 goblins
  2 hobgoblins
  3 kobolds
  A quokka (D:1)
12 creatures vanquished.

Notes
Turn   | Place    | Note
-------+----------+-------------------------------------------
     0 | D:1      | tilp the Mayflytaur Berserker began the quest for the Orb.
     0 | D:1      | Reached XP level 1. HP: 21/21 MP: 2/2
    28 | D:1      | Reached XP level 2. HP: 26/28 MP: 3/3
   107 | D:4      | Noticed a black bear
   158 | D:4      | Reached skill level 4 in Axes
   158 | D:4      | Reached XP level 3. HP: 36/36 MP: 4/4
   190 | D:5      | Entered Level 5 of the Dungeon
   197 | D:5      | Found Soefrac's General Store.
   226 | D:6      | Noticed a kobold demonologist
   227 | D:6      | Noticed a kobold brigand
   230 | D:6      | Noticed an orange demon
   234 | D:6      | Noticed a smoke demon
   236 | D:5      | Noticed a hellwing
   239 | D:5      | Noticed an ice devil
   241 | D:5      | Slain by a kobold demonologist

Illustrated notes

Levels and vault maps discovered:
D:1:      dpeg_arrival_rooms_a, layout_loops_corners,
          shapermc_ecumenical_altar_hornbeckon
D:2:      layout_basic, minmay_misc_feat_secret_circle
D:3:      layout_rooms, serial_shops, nicolae_shop_advertising_works
          [nicolae_subvault_shop_adworks], grunt_decor_fettered,
          roderic_roman_lattice, grunt_decor_mini_mirrors, corexii_shack,
          grunt_decor_junction, nicolae_shop_unique_rings,
          small_statue_intersection, kennysheep_doodads
D:4:      minmay_polygon_palace, layout_loops_ring, st_stairs_1,
          small_statue_intersection, cheibrodos_gnoll_hut
D:5:      layout_loops_corners, temple_green, serial_shops,
          nicolae_stop_n_shop_2, biasface_ghost_orc_armoury
D:6:      layout_basic, grunt_ministairs_13

Skill      XL: |  1  2 |
---------------+-------+-----
Axes           | 4 |  4.5
Fighting       | |  3.9
Armour         | |  2.1
Dodging        | |  2.1

Action                   || total
-------------------------++-------
Melee: Hand axe          ||    29
Invok: Berserk           ||     2
  Use: Scroll            ||     2
       Potion            ||     1
Armor: Animal skin       ||     6
Dodge: Dodged            ||    22

Table legend: (Time is in decaauts)
 A = Elapsed time spent in this place.
 B = Non-inter-level travel time spent in this place.
 C = Inter-level travel time spent in this place.
 D = Time resting spent in this place.
 E = Time spent auto-exploring this place.
 F = Levels seen in this place.
 G = Mean time per level.
                   A        B        C        D        E       F      G
               +--------+--------+--------+--------+--------+-----+--------+
         Total |    262 |    262 |      0 |      0 |      0 |   6 |   43.7 |
       Dungeon |    262 |    262 |      0 |      0 |      0 |   6 |   43.7 |
               +--------+--------+--------+--------+--------+-----+--------+

Top non-repeatable levels by time:
     D:4: 96 daAuts
     D:3: 41 daAuts
     D:5: 40 daAuts
     D:2: 40 daAuts
     D:1: 36 daAuts
     D:6: 6 daAuts
